 Dungeon Crawl Stone Soup version 0.30-a0-253-g6b895097cc (webtiles) character file.

Game seed: 1362806939026394255

381380 Angani the Warrior (level 21, -7/306 HPs)
             Began as an Armataur Fighter on Oct 13, 2022.
             Was a High Priest of Cheibriados.
             Splashed by a brown ugly thing's acid (9 damage)
             ... led by a wizard
             ... on level 3 of the Vaults.
             The game lasted 01:45:18 (44638 turns).

Angani the Warrior (Armataur Fighter)              Turns: 44638, Time: 01:45:19

Health: -7/306     AC: 33    Str: 43    XL:     21   Next: 90%
Magic:  30/30      EV: 12    Int: 24    God:    Cheibriados [*****.]
Gold:   2532       SH: 24    Dex: 31    Spells: 28/32 levels left

rFire   + . .      SeeInvis +    A - +11 morningstar "Fuipizil" {drain, rPois rC+ Dex+5}
rCold   + + .      Faith    .    x - +0 tower shield
rNeg    . . .      Spirit   .    m - +9 gold dragon scales
rPois   +          Reflect  .    e - +2 hat
rElec   .          Harm     .    v - +1 cloak {Stlth+}
rCorr   .          Roll     +    S - +0 pair of gloves
Will    ++...                    (no barding)
Stlth   ..........               W - amulet of the acrobat
HPRegen 0.71/turn                h - ring of see invisible
MPRegen 0.22/turn                p - ring of willpower

@: berserking (expiring), very slow
A: large, rugged brown scales 3, deformed body, armoured tail, roll, long
tongue, awkward tongue, mutation resistance 1, wild magic 1
}: 2/15 runes: decaying, serpentine
a: Renounce Religion, Bend Time, Temporal Distortion, Slouch, Step From Time


You were on level 3 of the Vaults.
You worshipped Cheibriados.
Cheibriados was extremely pleased with you.
You visited 8 branches of the dungeon, and saw 36 of its levels.
You also visited: Bailey, Gauntlet, Ice Cave and Volcano.

You collected 4554 gold pieces.
You spent 2022 gold pieces at shops.

Inventory:

Hand Weapons
 A - the +11 morningstar "Fuipizil" (weapon) {drain, rPois rC+ Dex+5}
   (You bought it in a shop on level 5 of the Dungeon)

   A truly terrible weapon, it drains the life of any living foe it strikes.
   Dex:       It affects your dexterity (+5).
   rC:        It protects you from cold.
   rPois:     It protects you from poison.
 F - a +9 vorpal triple crossbow
Missiles
 I - 4 throwing nets (quivered)
 Y - 10 silver javelins
Armour
 e - a +2 hat (worn)
 m - +9 gold dragon scales (worn)
 v - a +1 cloak of stealth (worn)
 x - a +0 tower shield (worn)
 S - a +0 pair of gloves (worn)
Jewellery
 h - a ring of see invisible (left hand)
 p - a ring of willpower (right hand)
 y - the ring "Ifil" {*Slow rPois rN+++ rCorr Stlth+}
   (You found it on level 13 of the Dungeon)

   [ring of poison resistance]

   rPois:     It protects you from poison.
   rN:        It renders you almost immune to negative energy.
   rCorr:     It protects you from acid and corrosion.
   *Slow:     It may slow you when you take damage.
   Stlth:     It makes you more stealthy.
 O - a ring of flight
 Q - a ring of protection from fire
 T - a ring of positive energy
 U - a ring of wizardry
 W - an amulet of the acrobat (around neck)
Wands
 c - a wand of quicksilver (4)
 d - a wand of iceblast (27)
 q - a wand of charming (37)
 H - a wand of polymorph (1)
 K - a wand of flame (66)
 P - a wand of digging (8)
Scrolls
 g - 10 scrolls of blinking
 k - 5 scrolls of magic mapping
 s - 8 scrolls of butterflies
 u - 8 scrolls of poison
 w - 8 scrolls of teleportation
 B - a scroll of summoning
 C - 2 scrolls of silence
 D - 4 scrolls of fear
 E - 4 scrolls of brand weapon
 J - 5 scrolls of immolation
 L - 2 scrolls of amnesia
 M - 8 scrolls of vulnerability
 N - 12 scrolls of identify
 R - 7 scrolls of enchant weapon
Potions
 a - 7 potions of heal wounds
 b - 8 potions of flight
 f - 9 potions of mutation
 i - 4 potions of cancellation
 l - 17 potions of curing
 n - 15 potions of ambrosia
 o - 5 potions of attraction
 r - 6 potions of brilliance
 t - 2 potions of lignification
 z - a potion of invisibility
 G - 10 potions of might
 V - a potion of magic
 X - a potion of experience
Miscellaneous
 j - a box of beasts


   Skills:
 - Level 17.3 Fighting
 - Level 16.0 Maces & Flails
 - Level 17.1 Armour
 - Level 8.5 Dodging
 - Level 17.0 Shields
 + Level 6.2 Spellcasting
 + Level 6.2 Summonings
 + Level 6.8 Earth Magic
 - Level 10.0 Invocations
 - Level 6.6 Evocations


You had 28 spell levels left.
You knew the following spells:

 Your Spells              Type           Power      Damage    Failure   Level
a - Animate Armour        Summ/Erth      100%       N/A       67%         4

Your spell library contained the following spells:

 Spells                   Type           Power      Damage    Failure   Level
 Summon Small Mammal      Summ           100%       N/A       13%         1
 Call Canine Familiar     Summ           48%        N/A       34%         3
 Passwall                 Tmut/Erth      25%        N/A       47%         2
 Stone Arrow              Conj/Erth      62%        3d10      71%         3
 Summon Guardian Golem    Hex/Summ       29%        N/A       75%         3
 Foxfire                  Conj/Fire      36%        2x1d5     82%         1
 Freeze                   Ice            36%        1d5       82%         1
 Shock                    Conj/Air       36%        1d5       82%         1
 Ensorcelled Hibernation  Hex/Ice        18%        N/A       90%         2
 Sublimation of Blood     Necr           9%         N/A       90%         2
 Wereblood                Tmut           9%         N/A       90%         2
 Leda's Liquefaction      Hex/Erth       15%        N/A       97%         4
 Summon Ice Beast         Ice/Summ       29%        N/A       98%         4
 Summon Lightning Spire   Summ/Air       29%        N/A       98%         4
 Frozen Ramparts          Ice            18%        1d3       99%         3
 Hailstorm                Conj/Ice       9%         3d4       99%         3
 Ignite Poison            Fire/Tmut/Pois 9%         N/A       99%         3
 Kindle Blastsparks       Fire/Tloc/Air  18%        2d11      99%         3
 Mephitic Cloud           Conj/Pois/Air  9%         N/A       99%         3
 Portal Projectile        Hex/Tloc       18%        N/A       99%         3
 Spider Form              Tmut/Pois      9%         N/A       99%         3
 Swiftness                Air            9%         N/A       99%         3
 Airstrike                Air            4%         2d(1-17)  100%        4
 Anguish                  Hex/Necr       4%         N/A       100%        4
 Fireball                 Conj/Fire      4%         3d4       100%        5
 Freezing Cloud           Conj/Ice/Air   4%         6-21      100%        5
 Iskenderun's Battlesphe  Conj           9%         2d6       100%        5
 Starburst                Conj/Fire      4%         6d4       100%        6
 Storm Form               Tmut/Air       4%         N/A       100%        7
 Summon Hydra             Summ           24%        N/A       100%        7
 Lehudib's Crystal Spear  Conj/Erth      15%        10d5      100%        8
 Maxwell's Capacitive Co  Air            4%         ∞         100%        8


Dungeon Overview and Level Annotations

Branches:
Dungeon (15/15)            Temple (1/1) D:5            Lair (5/5) D:10
  Swamp (4/4) Lair:3        Snake (4/4) Lair:3          Orc (2/2) D:11
    Elf (2/3) Orc:2        Vaults (3/5) D:14          Crypt (0/3) Vaults:2
 Depths (0/4) D:15         Bailey (visited)           IceCv (visited)
Volcano (visited)         Gauntlet (visited)
  Slime: Lair:4-5

Altars:
Ashenzari
Cheibriados
Dithmenos
Elyvilon
Gozag
Hepliaklqana
Kikubaaqudgha
Makhleb
Qazlal
Ru
Sif Muna
Trog
Wu Jian
Xom
Yredelemnul
Zin

Shops:
D:5 *   D:14 (   Orc:2 :(!?   Elf:1 ?   Elf:2 *   Snake:1 :

Portals:
Pandemonium: Orc:2
Trove: D:11 (give +2 gold dragon scales)

Annotations:
D:6 1 runed translucent door, exclusion: door, 910rd's ghost, novice GrFi
D:9 exclusion: door
Snake:2 3 runed translucent doors, Ulyzxawn's ghost, journeyman DsNe
Snake:4 Vashnia
Elf:2 3 runed translucent doors
Vaults:3 Zenata


Innate Abilities, Weirdness & Mutations

You are completely covered in rugged brown scales. (AC +3, +7% HP)
Armour fits poorly on your strangely shaped body.
You have a long armoured tail.
You roll when moving toward enemies. (Rampage)
Your long tongue fully drains potion bottles. (2x potion effects)
Your tongue gives you trouble enunciating. (1.5x scroll delay)
You are somewhat resistant to further mutation.
Your spells are a little harder to cast, but a little more powerful.


Message History

A blast of power from the earth strikes you!
The brown ugly thing bites you but does no damage.
You barely miss the deep troll.
The deep troll is heavily wounded.
You block the deep troll's attack. x3
Unknown command.
You puncture the deep troll!
The deep troll is severely wounded.
The brown ugly thing bites you but does no damage.
Unknown command.
You completely miss the deep troll. You tail-slap the deep troll!
You kill the deep troll!
Cheibriados appreciates the change of pace.
The troll leather armour is intact enough to wear.
Zenata sends weapons flying into battle!
The brown ugly thing closely misses you.
Unknown command.
You bludgeon the ettin!! You drain the ettin.
The ettin is heavily wounded.
You block the ettin's attack. The ettin hits you but does no damage.
You block the brown ugly thing's attack.
Unknown command.
Unknown command.
You crush the ettin like a grape!!!
You kill the ettin!
Cheibriados thoroughly appreciates the change of pace.
The +0 short sword of speed closely misses you.
You block the +0 short sword of speed's attack.
The brown ugly thing bites you but does no damage.
Unknown command.
You completely miss the +0 short sword of speed.
You block the +0 short sword of speed's attack. x2
The +2 vampiric hand axe barely misses you.
You block the +0 short sword of speed's attack.
Zenata sends weapons flying into battle!
The +0 short sword of speed hits you but does no damage.
The brown ugly thing bites you.
* * * LOW HITPOINT WARNING * * *
You are splashed with acid!
You die...

#.....# #.....# #.....#
########.....#
......#.....#
#..((#.....#
#OppT#.....############
cpp#@((..............
##)#(u...............
#).pa................
##(#.(...............
...#.(...............
#....###+#########''###
#....##.............#
......##............^#
#'#######.............#


You could see Zenata (drained), an ironbound preserver, a brown ugly thing and 6
dancing weapons.

Vanquished Creatures
  Mara (Snake:3)
  Saint Roka (Orc:2)
  Nikola (Swamp:3)
  Jorgrun (D:12)
  2 thorn hunters
  Gastronok (D:8)
  Kirke (Snake:2)
  Donald (Swamp:3)
  3 nagarajas
  A fenstrider witch (Swamp:4)
  2 frost giants
  2 deep elf sorcerers (Elf:1)
  9 vault wardens
  Louise (D:14)
  Aizul (Snake:4)
  An orc warlord (Orc:1)
  10 ironbound preservers
  5 ironbound thunderhulks
  4 very ugly things (Vaults:1)
  An eleionoma (Swamp:3)
  5 bunyips
  A deep elf annihilator (D:14)
  11 dire elephants
  A minotaur (Gauntlet)
  Snorg (D:14)
  2 ettins
  An entropy weaver (Vaults:2)
  2 great orbs of eyes
  A deep elf high priest (Elf:2)
  Josephine (Lair:3)
  5 yaktaur captains
  A rakshasa (D:7)
  A shambling mangrove (Swamp:3)
  A catoblepas (D:13)
  A salamander tyrant (Snake:4)
  19 hydras
  2 vault guards (Vaults:1)
  11 anacondas
  2 demonspawn (Orc:2)
  3 ghost crabs (Swamp:4)
  An ogre mage (D:14)
  11 alligators
  9 centaur warriors
  4 boulder beetles
  9 ironbound frosthearts
  9 dancing weapons
  Erica (D:8)
  7 two-headed ogres
  6 death yaks (IceCv)
  20 naga sharpshooters
  14 naga warriors
  The ghost of Enim the Thaumaturge, a journeyman DjFE of Hepliaklqana (Orc:1)
  9 shock serpents
  8 deep elf knights
  8 orc high priests
  4 salamander mystics
  A fire crab (Volcano)
  A steelbarb worm (shapeshifter) (D:8)
  7 goliath frogs
  Lodul (D:11)
  4 spriggan druids (Swamp:1)
  11 swamp dragons
  6 bog bodies
  5 naga ritualists (Snake:4)
  10 ironbound convokers
  3 wizards
  29 deep trolls
  A phantasmal warrior (D:14)
  25 deep elf pyromancers
  6 deep elf archers
  4 harpies (Vaults:1)
  A necromancer (D:14)
  An obsidian statue (Volcano)
  21 deep elf zephyrmancers
  6 mana vipers
  10 lindwurms
  4 orc knights (Orc:2)
  2 wolf spiders
  11 ugly things
  9 orc sorcerers
  9 salamanders
  4 cyclopes
  An oklob plant (Lair:3)
  6 manticores
  A worldbinder (Gauntlet)
  8 guardian serpents
  7 vault sentinels
  3 will-o-the-wisps
  An elephant (shapeshifter) (D:15)
  22 black mambas
  2 ice statues
  19 naga magi
  A rust devil (Orc:2)
  4 cane toads
  2 orange demons (Orc:2)
  A torpor snail (Lair:3)
  Maggie (D:8)
  An efreet (D:15)
  2 unseen horrors
  A kobold demonologist (D:7)
  14 rime drakes
  10 komodo dragons
  24 yaktaurs
  2 tengu conjurers
  An ice devil (Orc:2)
  6 trolls
  A bloated husk (Swamp:2)
  4 meliai
  A hornet (shapeshifter) (D:15)
  A queen bee (D:12)
  9 tyrant leeches
  5 hornets
  2 wind drakes
  8 polar bears
  7 blink frogs
  17 slime creatures
  A jumping spider (Vaults:2)
  A centaur simulacrum (D:14)
  5 spriggans
  2 shadows
  7 wyverns
  2 vampires
  5 air elementals
  44 yaks
  2 fire elementals (Elf:2)
  2 hogs (Snake:2)
  2 water elementals (Elf:1)
  11 wraiths
  7 fire bats (Volcano)
  2 steam dragons (D:8)
  A basilisk (Lair:1)
  6 vampire mosquitoes
  20 swamp worms
  47 nagas
  4 wargs
  An acid dragon (D:11)
  12 water moccasins
  A hell hound (Volcano)
  10 swamp drakes
  3 ice beasts
  51 orc warriors
  2 sky beasts
  7 black bears
  21 ogres
  6 boggarts
  36 wolves
  9 centaurs
  3 kobold brigands
  Blork the orc (D:4)
  12 bullfrogs
  5 necrophages
  An earth elemental (Elf:1)
  4 gnoll sergeants
  11 wights
  4 scorpions
  39 killer bees
  8 electric eels
  11 howler monkeys
  5 lava snakes (Volcano)
  3 jellies
  Crazy Yiuf (D:4)
  24 orc priests
  7 hounds
  Terence (D:3)
  Jessica (D:3)
  Ijyb (D:3)
  19 orc wizards
  2 iguanas
  4 hell rats (Lair:2)
  15 gnolls
  7 adders
  2 shadow imps
  6 white imps
  2 ufetubi
  A worm (D:2)
  2 dart slugs
  84 orcs
  5 endoplasms
  4 giant cockroaches
  13 goblins
  15 hobgoblins
  2 jackals (D:1)
  14 kobolds
  4 quokkas
  8 ball pythons
  10 bats
  A frilled lizard (D:2)
  6 rats
  2 briar patches (Swamp:2)
1329 creatures vanquished.

Vanquished Creatures (others)
  2 spriggans (Swamp:2)
  2 deep elf knights
  A deep elf zephyrmancer (Elf:1)
  A guardian serpent (Snake:4)
  2 rime drakes (Gauntlet)
  2 hornets (Swamp:2)
  6 bloated husks
  A human (Snake:2)
  An acid dragon (D:8)
  A sky beast (D:7)
  A wight (D:7)
  An orc priest (Orc:2)
  An orc (Orc:2)
  6 foxfires
  49 fungi
  74 plants
151 creatures vanquished.

Grand Total: 1480 creatures vanquished

Notes
Turn   | Place    | Note
-------+----------+-------------------------------------------
     0 | D:1      | Angani the Armataur Fighter began the quest for the Orb.
     0 | D:1      | Reached XP level 1. HP: 19/19 MP: 1/1
   117 | D:1      | Reached XP level 2. HP: 26/26 MP: 2/2
   345 | D:1      | Reached XP level 3. HP: 32/33 MP: 3/3
   617 | D:1      | Found a faded altar of an unknown god.
   643 | D:1      | Got Plato's Omnibus of the Entourage
  1464 | D:2      | Found an opulent altar of Gozag.
  1636 | D:2      | Reached XP level 4. HP: 40/40 MP: 4/4
  1910 | D:3      | Noticed Ijyb
  1921 | D:3      | Killed Ijyb
  1993 | D:3      | Noticed Jessica
  1998 | D:3      | Killed Jessica
  1999 | D:3      | Reached XP level 5. HP: 48/48 MP: 5/5
  2009 | D:3      | Noticed Terence
  2030 | D:3      | Killed Terence
  2135 | D:3      | Identified the +1 leather armour of Uzieq {Will+ Str+4
                  | Dex-2 SInv}
  2529 | D:4      | Noticed Blork the orc
  2537 | D:4      | Killed Blork the orc
  2538 | D:4      | Reached skill level 5 in Armour
  2645 | D:4      | Found a runed translucent door.
  2646 | D:4      | Noticed Crazy Yiuf
  2655 | D:4      | Killed Crazy Yiuf
  2656 | D:4      | Reached XP level 6. HP: 19/55 MP: 2/6
  3101 | D:4      | Reached skill level 5 in Shields
  3215 | D:5      | Entered Level 5 of the Dungeon
  3414 | D:5      | Reached XP level 7. HP: 32/64 MP: 2/7
  3654 | D:5      | Found a staircase to the Ecumenical Temple.
  3670 | Temple   | Entered the Ecumenical Temple
  3708 | Temple   | Became a worshipper of Cheibriados the Contemplative
  4139 | D:5      | Found Nuosewek's Assorted Antiques.
  4143 | D:5      | Bought a smoking morningstar for 243 gold pieces
  4143 | D:5      | Identified the +11 morningstar "Fuipizil" {drain, rPois rC+
                  | Dex+5} (You bought it in a shop on level 5 of the Dungeon)
  4359 | D:6      | Reached skill level 1 in Invocations
  4435 | D:6      | Reached XP level 8. HP: 71/71 MP: 7/9
  4444 | D:6      | Reached skill level 5 in Fighting
  4446 | D:6      | Reached * piety under Cheibriados
  4474 | D:6      | Noticed 910rd's ghost (novice GrFi)
  4477 | D:6      | Found a runed translucent door.
  4888 | D:6      | Reached skill level 5 in Maces & Flails
  5023 | D:6      | Reached XP level 9. HP: 65/80 MP: 11/11
  5024 | D:6      | Reached ** piety under Cheibriados
  5337 | D:7      | Noticed a purple ugly thing
  5341 | D:7      | Killed a purple ugly thing
  5347 | D:7      | Noticed a centaur warrior
  5355 | D:7      | Killed a centaur warrior
  5356 | D:7      | Reached skill level 5 in Invocations
  5356 | D:7      | Reached XP level 10. HP: 64/89 MP: 13/13
  5369 | D:7      | Noticed a rakshasa
  5384 | D:7      | Killed a rakshasa
  5393 | D:7      | Reached *** piety under Cheibriados
  6280 | D:8      | Noticed Erica
  6281 | D:8      | Noticed Gastronok
  6290 | D:8      | Killed Erica
  6293 | D:8      | Gained mutation: You expend magic power (3 MP) to
                  | strengthen your wands. [potion of mutation]
  6293 | D:8      | Gained mutation: Your spells are a little harder to cast,
                  | but a little more powerful. [potion of mutation]
  6293 | D:8      | Gained mutation: You sometimes lose your temper in combat.
                  | [potion of mutation]
  6293 | D:8      | Gained mutation: You passively dampen the noise of your
                  | surroundings. [potion of mutation]
  6293 | D:8      | Gained mutation: Your system is resistant to poisons.
                  | (rPois) [potion of mutation]
  6301 | D:8      | Killed Gastronok
  6302 | D:8      | Reached skill level 10 in Armour
  6360 | D:7      | Lost mutation: You expend magic power (3 MP) to strengthen
                  | your wands. [potion of mutation]
  6360 | D:7      | Lost mutation: You sometimes lose your temper in combat.
                  | [potion of mutation]
  6360 | D:7      | Lost mutation: You passively dampen the noise of your
                  | surroundings. [potion of mutation]
  6360 | D:7      | Lost mutation: Your system is resistant to poisons. (rPois)
                  | [potion of mutation]
  6360 | D:7      | Gained mutation: You are somewhat resistant to further
                  | mutation. [potion of mutation]
  6391 | D:8      | Reached XP level 11. HP: 99/99 MP: 15/15
  6403 | D:8      | Noticed Maggie
  6411 | D:8      | Killed Maggie
  6474 | D:8      | Noticed a two-headed ogre
  6474 | D:8      | Noticed a two-headed ogre
  6474 | D:8      | Noticed a centaur warrior
  6486 | D:8      | Killed a two-headed ogre
  6489 | D:8      | Killed a two-headed ogre
  6489 | D:8      | Reached **** piety under Cheibriados
  6492 | D:8      | Killed a centaur warrior
  6587 | D:8      | a snapping turtle changed into a steelbarb worm
  6587 | D:8      | Noticed a steelbarb worm (shapeshifter)
  6602 | D:8      | Killed a steelbarb worm
  6753 | D:8      | Noticed a deep elf pyromancer
  6756 | D:8      | Killed a deep elf pyromancer
  6757 | D:8      | Reached skill level 10 in Shields
  7299 | D:8      | Reached ***** piety under Cheibriados
  7837 | D:9      | Found a shimmering blue altar of Sif Muna.
  8298 | D:10     | Entered Level 10 of the Dungeon
  8326 | D:10     | Found a flagged portal.
  8331 | Bailey   | Entered a bailey
  8444 | Bailey   | Noticed an orc high priest
  8449 | Bailey   | Killed an orc high priest
  8450 | Bailey   | Reached XP level 12. HP: 100/110 MP: 17/17
  8461 | Bailey   | Acquired 740 gold pieces
  8928 | Bailey   | Found an iron altar of Okawaru.
  8928 | Bailey   | Noticed an orc high priest
  8933 | Bailey   | Killed an orc high priest
  8978 | Bailey   | Acquired a +7 vorpal triple crossbow
  9427 | D:10     | Reached ****** piety under Cheibriados
  9592 | D:10     | Noticed a two-headed ogre
  9600 | D:10     | Killed a two-headed ogre
  9700 | D:10     | Found a staircase to the Lair.
  9875 | Lair:1   | Entered Level 1 of the Lair of Beasts
 11841 | Lair:3   | Found a staircase to the Snake Pit.
 12016 | Lair:3   | Noticed a five-headed hydra
 12027 | Lair:3   | Killed a five-headed hydra
 12028 | Lair:3   | Reached XP level 13. HP: 81/120 MP: 18/20
 12338 | Lair:3   | Reached skill level 10 in Fighting
 12349 | Lair:3   | Noticed Josephine
 12363 | Lair:3   | Killed Josephine
 12581 | Lair:3   | Found a staircase to the Swamp.
 12901 | Lair:3   | Reached skill level 10 in Maces & Flails
 13377 | Lair:4   | Found a frozen archway.
 13394 | IceCv    | Entered an ice cave
 13424 | IceCv    | Reached skill level 10 in Invocations
 13998 | IceCv    | Noticed a frost giant
 14012 | IceCv    | Killed a frost giant
 14398 | Lair:4   | Reached XP level 14. HP: 73/130 MP: 21/21
 15645 | Lair:5   | Entered Level 5 of the Lair of Beasts
 16141 | D:11     | Found a staircase to the Orcish Mines.
 16643 | D:11     | Found a portal to a secret trove of treasure.
 16683 | D:11     | Noticed Lodul
 16694 | D:11     | Killed Lodul
 16863 | D:11     | Found a white marble altar of Elyvilon.
 17863 | D:12     | Reached skill level 15 in Armour
 18082 | D:12     | Noticed Jorgrun
 18093 | D:12     | Killed Jorgrun
 18437 | D:13     | Found a gate leading to a gauntlet.
 18451 | Gauntlet | Entered a Gauntlet
 18451 | Gauntlet | Found a transporter.
 18451 | Gauntlet | Found a transporter.
 18504 | Gauntlet | Found a transporter.
 18516 | Gauntlet | Found a transporter.
 18534 | Gauntlet | Found a transporter.
 18534 | Gauntlet | Found a transporter.
 18534 | Gauntlet | Found a transporter.
 18536 | Gauntlet | Found a transporter.
 18537 | Gauntlet | Found a transporter.
 18549 | Gauntlet | Found a transporter.
 18565 | Gauntlet | Found a transporter.
 18575 | Gauntlet | Found a transporter.
 18589 | Gauntlet | Found a transporter.
 18609 | Gauntlet | Found a transporter.
 18679 | Gauntlet | Identified the +1 hat of Undesirable Species {Str+3 Dex-5}
 18835 | Gauntlet | Identified the ring "Depp" {rPois Int+3}
 18846 | Gauntlet | Identified the +4 battleaxe "Gocith Hueli" {drain, Str+6
                  | Int+4}
 19440 | D:13     | Identified the ring "Ifil" {*Slow rPois rN+++ rCorr Stlth+}
 19953 | D:14     | Reached XP level 15. HP: 74/142 MP: 22/22
 20268 | D:14     | Noticed Louise
 20344 | Orc:1    | Entered Level 1 of the Orcish Mines
 20367 | Orc:1    | Found a runed translucent door.
 20541 | Orc:1    | Noticed Enim's ghost (journeyman DjFE)
 20875 | Orc:1    | Killed Enim's ghost
 20903 | Orc:2    | Entered Level 2 of the Orcish Mines
 20905 | Orc:2    | Noticed Saint Roka
 21181 | Orc:2    | Killed Saint Roka
 21237 | Orc:2    | Found a dark tunnel.
 21244 | Volcano  | Entered a volcano
 21411 | Volcano  | Reached skill level 15 in Shields
 21412 | Volcano  | Found a burning altar of Makhleb.
 21527 | Orc:2    | Found a staircase to the Elven Halls.
 21780 | Orc:2    | Found Ifruibb's Magic Scroll Emporium.
 21790 | Orc:2    | Found Weril's Distillery.
 22161 | Orc:2    | Bought a scroll of magic mapping for 105 gold pieces
 22161 | Orc:2    | Bought a scroll of silence for 133 gold pieces
 22161 | Orc:2    | Bought a scroll of enchant armour for 105 gold pieces
 22161 | Orc:2    | Bought a scroll of teleportation for 42 gold pieces
 22161 | Orc:2    | Bought a scroll of fear for 56 gold pieces
 22161 | Orc:2    | Bought a scroll of butterflies for 56 gold pieces
 22161 | Orc:2    | Bought a scroll of blinking for 105 gold pieces
 22163 | Orc:2    | Bought a potion of mutation for 112 gold pieces
 22163 | Orc:2    | Bought a potion of curing for 42 gold pieces
 22163 | Orc:2    | Bought a potion of flight for 42 gold pieces
 22163 | Orc:2    | Bought a potion of might for 56 gold pieces
 22163 | Orc:2    | Bought a potion of berserk rage for 70 gold pieces
 22163 | Orc:2    | Bought a potion of lignification for 42 gold pieces
 22256 | Orc:2    | Reached skill level 1 in Dodging
 22565 | Orc:2    | Found Diheil Fany's Antique Weapon Boutique.
 22565 | Orc:2    | Found a one-way gate leading to the halls of Pandemonium.
 22565 | Orc:2    | Found Fobuh's Book Shop.
 22689 | Orc:2    | Bought a pitted morningstar for 261 gold pieces
 22689 | Orc:2    | Identified the +8 morningstar "Xirogipa" {vorpal, Fly rF-
                  | Str+4 Int+3} (You bought it in a shop on level 2 of the
                  | Orcish Mines)
 23234 | D:14     | Found Vutsaent's Antique Weapon Shoppe.
 23243 | D:14     | Killed Louise
 23511 | D:14     | Noticed Snorg
 23524 | D:14     | Killed Snorg
 23779 | D:14     | Identified the +4 scimitar "Grim Tooth" {spect, Drain Str+3
                  | Int+3}
 24049 | D:14     | Noticed a frost giant
 24063 | D:14     | Killed a frost giant
 24454 | D:14     | Reached XP level 16. HP: 149/154 MP: 23/23
 24454 | D:14     | Identified the +1 scale mail of Shielding {+Inv Will+ Str+4
                  | Dex-3}
 24624 | D:14     | Found a glowing silver altar of Zin.
 24789 | D:14     | Found a gate to the Vaults.
 24924 | D:15     | Entered Level 15 of the Dungeon
 25011 | D:15     | Found a staircase to the Depths.
 25528 | D:15     | Found a shadowy altar of Dithmenos.
 26001 | Swamp:1  | Entered Level 1 of the Swamp
 26298 | Swamp:1  | Identified the +2 robe of the Vaults {rN+ Dex+2}
 26885 | Swamp:2  | Reached skill level 5 in Dodging
 27161 | Swamp:2  | Noticed a thorn hunter
 27180 | Swamp:2  | Killed a thorn hunter
 28128 | Swamp:3  | Noticed Nikola
 28143 | Swamp:3  | Killed Nikola
 28546 | Swamp:3  | Noticed Donald
 28959 | Swamp:3  | Killed Donald
 29325 | Snake:1  | Entered Level 1 of the Snake Pit
 30577 | Snake:1  | Reached XP level 17. HP: 155/164 MP: 24/24
 30878 | Snake:1  | Found Buog's Tremendous Tomes.
 31025 | Snake:2  | Noticed Kirke
 31038 | Snake:2  | Killed Kirke
 31039 | Snake:2  | Reached skill level 15 in Fighting
 31251 | Snake:2  | Reached skill level 15 in Maces & Flails
 31819 | Snake:2  | Found a runed translucent gate.
 31819 | Snake:2  | Found a runed translucent gate.
 31819 | Snake:2  | Found a runed translucent gate.
 31819 | Snake:2  | Noticed Ulyzxawn's ghost (journeyman DsNe)
 33239 | Snake:3  | Noticed Mara
 33240 | Snake:3  | Noticed Angani's illusion
 33265 | Snake:3  | Noticed Angani's illusion
 33267 | Snake:3  | Noticed Angani's illusion
 33291 | Snake:3  | Killed Mara
 34551 | Swamp:4  | Entered Level 4 of the Swamp
 35301 | Swamp:4  | Got a decaying rune of Zot
 35868 | Snake:4  | Entered Level 4 of the Snake Pit
 36009 | Snake:4  | Reached XP level 18. HP: 177/177 MP: 25/25
 36124 | Snake:4  | Noticed Aizul
 36134 | Snake:4  | Killed Aizul
 37029 | Snake:4  | Noticed Vashnia
 38054 | Snake:4  | Got a serpentine rune of Zot
 38346 | Elf:1    | Entered Level 1 of the Elven Halls
 38988 | Elf:1    | Got the Guide on Gathered Blows and Bruises
 39212 | Elf:1    | Found Poitidalo's Magic Scroll Boutique.
 39220 | Elf:1    | Bought a scroll of enchant armour for 112 gold pieces
 39220 | Elf:1    | Bought a scroll of enchant armour for 112 gold pieces
 39220 | Elf:1    | Bought a scroll of butterflies for 60 gold pieces
 39220 | Elf:1    | Bought a scroll of blinking for 112 gold pieces
 39696 | Elf:2    | Found Daeczycw's Assorted Antiques.
 39706 | Elf:2    | Bought a potion of might for 128 gold pieces
 39706 | Elf:2    | Bought an inky potion for 28 gold pieces
 39707 | Elf:2    | Reached XP level 19. HP: 189/189 MP: 26/26
 39707 | Elf:2    | Reached XP level 20. HP: 196/196 MP: 27/27
 39739 | Elf:2    | Found a runed translucent gate.
 39739 | Elf:2    | Found a runed translucent gate.
 39756 | Elf:2    | Found a runed translucent gate.
 39789 | Elf:2    | Paralysed by an air elemental for 1 turns
 40290 | Vaults:1 | Entered Level 1 of the Vaults
 40314 | Vaults:1 | Reached XP level 21. HP: 204/204 MP: 28/28
 40365 | Vaults:1 | Learned a level 4 spell: Animate Armour
 40403 | Vaults:1 | Reached skill level 1 in Summonings
 40403 | Vaults:1 | Reached skill level 1 in Earth Magic
 40406 | Vaults:1 | Reached skill level 1 in Spellcasting
 40880 | Vaults:1 | Identified the ring of the Jocular God {Fire Str+3}
 42272 | Vaults:2 | Reached skill level 5 in Earth Magic
 42645 | Vaults:2 | Reached skill level 5 in Spellcasting
 42645 | Vaults:2 | Reached skill level 5 in Summonings
 44022 | Vaults:2 | Found a staircase to the Crypt.
 44022 | Vaults:2 | Found a basalt altar of Yredelemnul.
 44023 | Vaults:2 | Found an ancient bone altar of Kikubaaqudgha.
 44614 | Vaults:3 | Noticed Zenata
 44629 | Vaults:3 | HP: 10/306 [+0 hand axe of electrocution[Zenata] (13)]
 44631 | Vaults:3 | HP: 4/306 [deep troll[an ironbound preserver] (8)]
 44638 | Vaults:3 | HP: 2/306 [brown ugly thing[a wizard] (6)]
 44638 | Vaults:3 | Splashed by a brown ugly thing's acid

Illustrated notes

Levels and vault maps discovered:
D:1:      dpeg_cavernosity, layout_basic, shapermc_ecumenical_altar_rom_forum,
          serial_bayou_ford_a, minmay_misc_feat_square
D:2:      layout_basic, basic_altar
D:3:      layout_rooms, nrook_campfire, uniq_ijyb, uniq_terence, uniq_jessica
D:4:      layout_basic, uniq_crazy_yiuf_cottage, uniq_blork_the_orc
D:5:      layout_loops_ring, minmay_temple_entry_trees, serial_shops,
          nicolae_shop_behind_doors, roderic_serpentine_path, corexii_shack
D:6:      minmay_octagon_keep, layout_basic, hellmonk_ghost_happy_afterlife
D:7:      nzn_winding_woodlands_cross [nzn_winding_woodlands_5x15_concentric,
          nzn_winding_woodlands_5x15_sidewinder,
          nzn_winding_woodlands_5x15_garden, nzn_winding_woodlands_5x15_cabin,
          nzn_winding_woodlands_15x15_killbox], layout_rooms, serial_curves,
          eino_curves_02, eino_curves_02
D:8:      minmay_the_grid_plus [minmay_the_grid_spikes,
          minmay_the_grid_pillar_ring, minmay_the_grid_minigrid_small,
          minmay_the_grid_fan, minmay_the_grid_prize_inner_circle],
          layout_basic, uniq_erica, uniq_maggie, uniq_gastronok
D:9:      layout_cave_pods, led_sif_book
D:10:     layout_roguey, david_lair_shrubbed, enter_bailey_1
D:11:     layout_roguey, orc_0_dummy, nicolae_trove_entry_diagonal,
          elyvilon_altar_3, uniq_lodul
D:12:     layout_roguey [special_room_bee], grunt_ogre_cave, uniq_jorgrun
D:13:     layout_loops_ring, gauntlet_entry_generic
D:14:     minmay_strange_plus, layout_layer_cave, erik_vaults_1,
          lemuel_crystal_altar, serial_shops, kennysheep_mini, uniq_louise,
          uniq_snorg
D:15:     hangedman_depths_entry_try_elsewhere_first, layout_long_grid,
          grunt_dithmenos_smoke_and_mirrors
Temple:   compressed_dpeg_circular_temple
Lair:1:   layout_loops_ring, minmay_holes
Lair:2:   layout_loops_ring, infiniplex_staircase_pool
Lair:3:   layout_roguey, nicolae_swamp_entry_splash_gauntlet,
          minmay_snake_entry_guardpost_medium, minivault_19,
          nicolae_lair_grove_arrangements, minmay_lair_oklob_items,
          serial_bayou_lagoon_a, uniq_josephine
Lair:4:   onia_ninara_swampy_vault, layout_regular_city, portal_ice_cave_rime
Lair:5:   gammafunk_lair_ancient_temple, layout_regular_city, slime_entry_1,
          worms_lemuel, serial_bayou_shore_a
Swamp:1:  layout_basic_swamp, hangedman_swamp_cone
Swamp:2:  layout_basic_swamp, nicolae_swamp_trees_clearing
Swamp:3:  layout_basic_swamp, hangedman_swamp_ruin_hall, swamp_pool3,
          hangedman_swamp_blocks, nicolae_swamp_little_swirl, uniq_donald,
          uniq_nikola
Swamp:4:  swamp_alternative, layout_basic_swamp
Snake:1:  layout_misc_corridors, nicolae_shop_i_like_big_books,
          hangedman_snake_thin_pillar_pass, grunt_megastairs_5
Snake:2:  layout_layer_cave, gammafunk_ghost_necromancy, st_stairs_9, uniq_kirke
Snake:3:  layout_gridlike, uniq_mara
Snake:4:  johnstein_snake_rune_scales, layout_cave_town, uniq_aizul
Orc:1:    layout_caves, ebering_ghost_inner_flame, nicolae_orc_lava_room
Orc:2:    pf_orc_diabolical, layout_caves, enter_volcano_1, uniq_saint_roka
Elf:1:    minmay_elf_arrival_plus, layout_loops_cross, serial_shops,
          nicolae_square_shop, minmay_elf_sorcery, grunt_ministairs_9
Elf:2:    elven_hall_of_blades_hangedman_original [grunt_blade_entry_basic],
          layout_loops_cross, serial_shops, nicolae_shop_trees
Vaults:1: v_misc_3, ontoclasm_vaults_ring_square, v_rooms_2, v_misc_18,
          nicolae_vaults_angled_halls, dpeg_vaults_monster_box,
          ontoclasm_vaults_loading_screen, vaults_room_boxed,
          hangedman_vaults_stitches, vaults_room_octagon,
          nicolae_vaults_little_squares_1, layout_vaults_chaotic_city
Vaults:2: ontoclasm_vaults_ring_square, v_misc_25, v_misc_10,
          hangedman_vaults_corner_blocks, ontoclasm_vaults_loading_screen,
          vaults_room_door_hall, ontoclasm_vaults_fault,
          nicolae_vaults_gold_heap, vaults_room_stairs_pillars,
          nicolae_vaults_display_case, hangedman_vaults_capsules,
          layout_vaults_omnigrid, minmay_crypt_entry_necro_gods
Vaults:3: vaults_room_octagon, nicolae_vaults_little_squares_3,
          nicolae_vaults_what_the_h, v_misc_28, ontoclasm_vaults_ligature,
          v_pattern_4, v_alt_pattern_4, ontoclasm_vaults_gateway,
          ontoclasm_vaults_idyll, nicolae_vaults_asterisk,
          nicolae_vaults_puzzle_piece, nicolae_vaults_bisected_slash,
          v_alt_pattern_6, layout_vaults_ring, uniq_zenata, uniq_mennas

Skill      XL: |  1  2  3  4  5  6  7  8  9 10 11 12 13 14 15 16 17 18 19 20 21 |
---------------+----------------------------------------------------------------+-----
Maces & Flails | 2 3 4 5 6 7 8 9 10 12 13 14 16 | 16.0
Armour         | 4 5 6 7 9 10 11 12 14 15 16 17 | 17.1
Fighting       | 3 4 5 6 7 8 9 10 12 13 14 16 17 | 17.3
Shields        | 4 5 6 8 9 10 11 12 14 15 16 17 | 17.0
Invocations    | 1 3 5 6 7 9 10 | 10.0
Dodging        | 3 6 8 |  8.5
Evocations     | 6 |  6.6
Summonings     | 6 |  6.2
Earth Magic    | 6 |  6.8
Spellcasting   | 6 |  6.2

Action                   |  1- 3 |  4- 6 |  7- 9 | 10-12 | 13-15 | 16-18 | 19-21 || total
-------------------------+-------+-------+-------+-------+-------+-------+-------++-------
Melee: Flail             |   127 |   123 |    48 |       |       |       |       ||   298
       Tailslap          |    10 |    16 |    23 |    67 |   169 |   242 |   131 ||   658
       Morningstar       |       |       |   134 |   466 |   934 |  1206 |   563 ||  3303
       Unarmed           |       |       |       |       |       |     3 |       ||     3
Throw: Throwing net      |       |       |       |       |     1 |       |       ||     1
Invok: Bend Time         |       |       |       |     1 |       |       |       ||     1
       Slouch            |       |       |       |       |    12 |    13 |     9 ||    34
       Step From Time    |       |       |       |       |     1 |       |       ||     1
Evoke: Wand              |       |       |       |    17 |     4 |     1 |       ||    22
  Use: Scroll            |     2 |     2 |     2 |    16 |    13 |    13 |     2 ||    50
       Potion            |       |     1 |     2 |     6 |     8 |     8 |     2 ||    27
 Stab: Distracted        |       |       |     1 |       |       |       |       ||     1
       Invisible         |       |       |       |       |     9 |       |       ||     9
Armor: Scale mail        |    75 |       |       |       |       |       |       ||    75
       Plate armour      |    23 |    77 |   158 |   275 |    24 |       |       ||   557
       Gold dragon scale |       |       |       |       |   637 |   449 |   222 ||  1308
       Skin              |       |       |       |       |    47 |       |       ||    47
Dodge: Dodged            |    56 |    17 |    58 |   131 |   230 |   500 |   215 ||  1207
Block: Buckler           |    40 |    28 |    53 |   246 |   542 |   156 |       ||  1065
       Tower shield      |       |       |       |       |       |  1003 |   689 ||  1692

Table legend: (Time is in decaauts)
 A = Elapsed time spent in this place.
 B = Non-inter-level travel time spent in this place.
 C = Inter-level travel time spent in this place.
 D = Time resting spent in this place.
 E = Time spent auto-exploring this place.
 F = Levels seen in this place.
 G = Mean time per level.
                   A        B        C        D        E       F      G
               +--------+--------+--------+--------+--------+-----+--------+
         Total |  65469 |  60385 |   5084 |  12191 |  33419 |  40 | 1636.7 |
       Dungeon |  21837 |  20054 |   1783 |   3373 |  13556 |  15 | 1455.8 |
        Temple |     69 |     40 |     29 |      0 |     28 |   1 |   69.0 |
          Lair |   9445 |   8165 |   1280 |   1384 |   5759 |   5 | 1889.0 |
         Swamp |   6799 |   6375 |    424 |   1189 |   4018 |   4 | 1699.8 |
     Snake Pit |  10613 |   9639 |    974 |   2514 |   4442 |   4 | 2653.2 |
  Orcish Mines |   3895 |   3569 |    326 |   1211 |   1177 |   2 | 1947.5 |
   Elven Halls |   2687 |   2557 |    130 |    268 |   1557 |   2 | 1343.5 |
        Vaults |   6598 |   6463 |    135 |   1274 |   2279 |   3 | 2199.3 |
        Bailey |   1218 |   1218 |      0 |    303 |    292 |   1 | 1218.0 |
      Ice Cave |   1160 |   1160 |      0 |    427 |     48 |   1 | 1160.0 |
       Volcano |    330 |    330 |      0 |     40 |      0 |   1 |  330.0 |
      Gauntlet |    814 |    814 |      0 |    206 |    261 |   1 |  814.0 |
               +--------+--------+--------+--------+--------+-----+--------+

Top non-repeatable levels by time:
 Snake:4: 3124 daAuts
  Lair:3: 3085 daAuts
 Snake:2: 3052 daAuts
Vaults:2: 3024 daAuts
Vaults:1: 2980 daAuts
   Orc:2: 2763 daAuts
  Lair:4: 2558 daAuts
    D:14: 2467 daAuts
 Snake:3: 2341 daAuts
    D:13: 2251 daAuts
    D:12: 2233 daAuts
 Snake:1: 2095 daAuts
 Swamp:3: 2088 daAuts
  Lair:2: 2008 daAuts
     D:8: 1925 daAuts
